 Dungeon Crawl Stone Soup version 0.31.0-32-g396128a36d (webtiles) character file.

Game seed: 13756175781457109138

136 booth the Grave Robber (level 5, -3/34 (37) HPs)
             Began as a Gnoll Wanderer on Mar 23, 2024.
             Slain by a wight
             ... wielding a +1 war axe
              (7 damage)
             ... on level 3 of the Dungeon.
             The game lasted 00:15:51 (2717 turns).

booth the Grave Robber (Gnoll Wanderer)             Turns: 2717, Time: 00:15:52

HP:   -3/34 (37)    AC:  8    Str: 10    XL:     5   Next: 19%
MP:   4/4           EV: 12    Int: 14    God:
Gold: 70            SH:  0    Dex: 12    Spells: 9/14 levels left

rFire   . . .        o - +3 whip (antimagic)
rCold   . . .        t - orb "Vufis" {*channel, rPois Will+}
rNeg    . . .        e - +0 leather armour
rPois   +            (no helmet)
rElec   .            (no cloak)
rCorr   .            (no gloves)
SInv    .            f - +0 pair of boots
Will    +....        s - amulet of magic regeneration
Stlth   +            r - ring of poison resistance
HPRegen 0.25/turn    (no ring)
MPRegen 0.49/turn

%: channel magic (20%)
@: very slightly contaminated, drained
A: fangs 1, strong nose, distributed training, iridescent scales 2
a: no special abilities


You were on level 3 of the Dungeon.
You visited 1 branch of the dungeon, and saw 4 of its levels.

You collected 70 gold pieces.

Inventory:

Hand Weapons
 a - a +1 dagger
 o - a +3 antimagic whip (weapon)
Armour
 d - a +0 buckler
 e - a +0 leather armour (worn)
 f - a +0 pair of boots (worn)
 t - the orb "Vufis" (worn) {*channel, rPois Will+}
   (You found it on level 3 of the Dungeon)

   rPois:     It protects you from poison Will+: It increases your willpower.
Jewellery
 l - a ring of flight
 r - a ring of poison resistance (left hand)
 s - an amulet of magic regeneration (around neck)
Scrolls
 n - a scroll of poison {unknown}
Potions
 b - a potion of lignification
 c - a potion of ambrosia
 g - a potion of attraction
 h - a potion of invisibility {unknown}
 i - a potion of enlightenment {unknown}
 j - a potion of resistance
 k - a potion of might
 m - a potion of degeneration {unknown}
 p - a potion of brilliance {unknown}


   Skills:
 + Level 1.4 Fighting
 + Level 1.4 Short Blades
 + Level 1.4 Long Blades
 + Level 1.4 Axes
 + Level 1.4 Maces & Flails
 + Level 1.4 Polearms
 + Level 1.4 Staves
 + Level 1.4 Ranged Weapons
 + Level 1.4 Throwing
 + Level 1.4 Armour
 + Level 3.0 Dodging
 + Level 1.4 Stealth
 + Level 4.8 Shields
 + Level 1.4 Unarmed Combat
 + Level 5.2 Spellcasting
 + Level 1.1 Conjurations
 + Level 1.1 Hexes
 + Level 1.1 Summonings
 + Level 7.2 Necromancy
 + Level 1.1 Translocations
 + Level 2.4 Fire Magic
 + Level 1.1 Ice Magic
 + Level 1.1 Air Magic
 + Level 1.1 Earth Magic
 + Level 1.1 Alchemy
 + Level 1.6 Invocations
 + Level 1.4 Evocations
 + Level 1.3 Shapeshifting


You had 9 spell levels left.
You knew the following spells:

 Your Spells              Type           Power      Damage    Failure   Level
a - Necrotise             Necr           92%        1d8       5%          1
b - Foxfire               Conj/Fire      32%        2x1d5     26%         1
c - Fugue of the Fallen   Necr           23%        N/A       12%         3

Your spell library contained the following spells:

 Spells                   Type           Power      Damage    Failure   Level
 Dispel Undead            Necr           23%        3d12      28%         4
 Volatile Blastmotes      Fire/Tloc      16%        2d11      54%         3


Dungeon Overview and Level Annotations

Branches:
Dungeon (4/15)
 Temple: D:4-7

Altars:
Wu Jian

Shops:
D:1 [


Innate Abilities, Weirdness & Mutations

You have very sharp teeth.
Your uncanny sense of smell can sniff out nearby items.
Your experience applies equally to all skills.
You are mostly covered in iridescent scales. (AC +4)


Message History

You are very lightly contaminated with residual magic.
Nothing appears to happen.
Magical energy flows into your mind! The wight hits you with a +1 war axe.
* * * LOW HITPOINT WARNING * * *
You feel drained.
* * * LOW HITPOINT WARNING * * *
Casting: Foxfire (safe; 26% risk of failure)
Confirm with . or Enter, or press ? or * to list all spells.
You conjure some foxfire!
The wight closely misses you. The wight barely misses your foxfire.
You completely miss the wight.
The wight is lightly damaged.
The foxfire hits the wight but does no damage.
The wight is lightly damaged.
The foxfire hits the wight.
The wight is heavily damaged.
The wight misses you.
Casting: Foxfire (safe; 26% risk of failure)
Confirm with . or Enter, or press ? or * to list all spells.
You conjure some foxfire!
The wight barely misses you.
You hit the wight.
The wight is heavily damaged.
The foxfire hits the wight but does no damage.
The wight is heavily damaged.
The foxfire hits the wight but does no damage.
The wight is heavily damaged.
The wight hits you with a +1 war axe.
* * * LOW HITPOINT WARNING * * *
You feel drained.
Casting: Foxfire (safe; 26% risk of failure)
Confirm with . or Enter, or press ? or * to list all spells.
You conjure some foxfire!
The wight closely misses you.
You hit the wight.
The wight is severely damaged.
The foxfire hits the wight but does no damage.
The wight is severely damaged.
The foxfire hits the wight but does no damage.
The wight is severely damaged.
The wight hits you with a +1 war axe!
You die...

#.....##.###......##
# #.....##.........##
# #.....##########.#
# ##...## #.# # ##.##
##'## #.# ##...##
#.#### ##.....##
#.##.## ##.......##
#.#§@.####.........##
#..§.z...'.........'.
#.#...####.........##
#.##.## ##.......##
#.#### ##.....##
#...# ##...## ###.#
##+## #.# #.# ## #.#
#.# #.


You could see a wight.

Vanquished Creatures
  Jessica (D:2)
  5 adders
  A ribbon worm (D:3)
  An orc (D:3)
  7 ball pythons
  4 bats
  4 endoplasms
  A giant cockroach (D:1)
  4 goblins
  8 hobgoblins
  5 kobolds
  4 quokkas
  3 frilled lizards
  9 rats
57 creatures vanquished.

Vanquished Creatures (collateral kills)
  A ball python (D:1)
  An endoplasm (D:1)
  A rat (D:3)
3 creatures vanquished.

Vanquished Creatures (others)
  77 foxfires
77 creatures vanquished.

Grand Total: 137 creatures vanquished

Notes
Turn   | Place    | Note
-------+----------+-------------------------------------------
     0 | D:1      | booth the Gnoll Wanderer began the quest for the Orb.
     0 | D:1      | booth set off with the following items: a +0 dagger, a
                  | potion of lignification, a +0 robe, a +0 buckler; and the
                  | following spells available to memorise: Necrotise, Fugue of
                  | the Fallen, Dispel Undead, Foxfire, Volatile Blastmotes.
     0 | D:1      | Reached XP level 1. HP: 13/13 MP: 6/6
     2 | D:1      | Learned a level 1 spell: Necrotise
     4 | D:1      | Learned a level 1 spell: Foxfire
   212 | D:1      | Reached XP level 2. HP: 19/19 MP: 5/7
   573 | D:1      | Found Alabreps's Antique Armour Shoppe.
   741 | D:1      | Reached skill level 5 in Spellcasting
   741 | D:1      | Reached XP level 3. HP: 21/25 MP: 3/9
  1262 | D:2      | Reached skill level 1 in Invocations
  1314 | D:2      | Reached skill level 1 in Fighting
  1314 | D:2      | Reached skill level 1 in Short Blades
  1314 | D:2      | Reached skill level 1 in Long Blades
  1314 | D:2      | Reached skill level 1 in Axes
  1314 | D:2      | Reached skill level 1 in Maces & Flails
  1314 | D:2      | Reached skill level 1 in Polearms
  1314 | D:2      | Reached skill level 1 in Staves
  1314 | D:2      | Reached skill level 1 in Ranged Weapons
  1314 | D:2      | Reached skill level 1 in Throwing
  1314 | D:2      | Reached skill level 1 in Armour
  1314 | D:2      | Reached skill level 1 in Stealth
  1314 | D:2      | Reached skill level 1 in Unarmed Combat
  1314 | D:2      | Reached skill level 1 in Evocations
  1390 | D:2      | Reached skill level 1 in Shapeshifting
  1390 | D:2      | Reached XP level 4. HP: 32/32 MP: 9/11
  1424 | D:2      | Learned a level 3 spell: Fugue of the Fallen
  1462 | D:2      | Noticed Jessica
  1477 | D:2      | Reached skill level 1 in Conjurations
  1477 | D:2      | Reached skill level 1 in Hexes
  1477 | D:2      | Reached skill level 1 in Summonings
  1477 | D:2      | Reached skill level 1 in Translocations
  1477 | D:2      | Reached skill level 1 in Ice Magic
  1477 | D:2      | Reached skill level 1 in Air Magic
  1477 | D:2      | Reached skill level 1 in Earth Magic
  1477 | D:2      | Reached skill level 1 in Alchemy
  1479 | D:2      | Killed Jessica
  1695 | D:2      | Gained mutation: You occasionally shout uncontrollably at
                  | your foes. [potion of mutation]
  1696 | D:2      | Lost mutation: You occasionally shout uncontrollably at
                  | your foes. [potion of mutation]
  1696 | D:2      | Gained mutation: You are partially covered in iridescent
                  | scales. (AC +2) [potion of mutation]
  1696 | D:2      | Gained mutation: You are mostly covered in iridescent
                  | scales. (AC +4) [potion of mutation]
  1815 | D:3      | Found a faded altar of an unknown god.
  1823 | D:3      | Found an ornate altar of the Wu Jian Council.
  2044 | D:3      | Reached XP level 5. HP: 37/37 MP: 9/12
  2422 | D:3      | Identified the orb "Vufis" {*channel, rPois Will+}
  2717 | D:3      | Slain by a wight

Illustrated notes

Levels and vault maps discovered:
D:1:      amcnicky_arrival_single_pillar, layout_basic, serial_shops, shop
D:2:      layout_loops_cross, uniq_jessica
D:3:      layout_loops_corners, nicolae_overflow_ecumenical_swirl,
          roderic_serpentine_path
D:4:      layout_loops_corners, xom_confusion_cloud, kennysheep_small_square

Skill      XL: |  1  2  3  4  5 |
---------------+----------------+-----
Fire Magic     | 2 |  2.4
Spellcasting   | 5 |  5.2
Invocations    | 1 |  1.6
Fighting       | 1 |  1.4
Short Blades   | 1 |  1.4
Long Blades    | 1 |  1.4
Axes           | 1 |  1.4
Maces & Flails | 1 |  1.4
Polearms       | 1 |  1.4
Staves         | 1 |  1.4
Ranged Weapons | 1 |  1.4
Throwing       | 1 |  1.4
Armour         | 1 |  1.4
Stealth        | 1 |  1.4
Unarmed Combat | 1 |  1.4
Evocations     | 1 |  1.4
Shapeshifting  | 1 |  1.3
Conjurations   | 1 |  1.1
Hexes          | 1 |  1.1
Summonings     | 1 |  1.1
Translocations | 1 |  1.1
Ice Magic      | 1 |  1.1
Air Magic      | 1 |  1.1
Earth Magic    | 1 |  1.1
Alchemy        | 1 |  1.1
Dodging        | 3 |  3.0
Shields        | |  4.8
Necromancy     | |  7.2

Action                     |  1- 3 |  4- 6 || total
---------------------------+-------+-------++-------
  Melee: Dagger            |    49 |    23 ||    72
         Bite              |     3 |     2 ||     5
         Whip              |       |    15 ||    15
   Cast: Foxfire           |    26 |    20 ||    46
         Necrotise         |    16 |    12 ||    28
         Fugue of the Fall |       |     1 ||     1
    Use: Scroll            |     2 |     4 ||     6
         Potion            |     1 |     4 ||     5
   Stab: Sleeping          |       |     1 ||     1
 Armour: Leather armour    |    29 |    28 ||    57
  Dodge: Dodged            |    34 |    17 ||    51
  Block: Buckler           |    15 |     7 ||    22
